 Dungeon Crawl Stone Soup version 0.18.1-48-g4cf74bf (webtiles) character file.

2249 Gargoyl the Covered (level 9, -2/102 HPs)
             Began as a Demonspawn Abyssal Knight on Aug 16, 2016.
             Was an Elder of Lugonu.
             Splashed by an oklob plant's acid (12 damage)
             ... on level 7 of the Dungeon.
             The game lasted 00:17:54 (6963 turns).

Gargoyl the Covered (Demonspawn Abyssal Knight)     Turns: 6963, Time: 00:17:54

Health: -2/102     AC: 16    Str: 16    XL:     9   Next: 15%
Magic:  10/10      EV:  2    Int: 14    God:    Lugonu [****..]
Gold:   218        SH: 14    Dex: 14    Spells: 0 memorised, 8 levels left

rFire  . . .     SeeInvis .     z - +1 whip "Zarom" {drain, rN+} (curse)
rCold  . . .     Gourm    .     (armour currently unavailable)
rNeg   + + +     Faith    .     i - +0 large shield
rPois  +         Spirit   .     (helmet unavailable)
rElec  .         Dismiss  .     (cloak currently unavailable)
rCorr  .         Reflect  .     (gloves currently unavailable)
SustAt .         Harm     .     (boots currently unavailable)
MR     .....     NoTele   +     f - amulet of regeneration
Stlth  ++........               n - ring of positive energy
                                F - +4 ring of evasion

@: exhausted, tree-form, corroded, very slightly contaminated, hasted and
slowed, not resistant to hostile enchantments, unstealthy
A: (horns 0), thin skeletal structure 1, foul stench 1, rot immunity
a: Depart the Abyss, Bend Space, Banish, Corrupt, Renounce Religion


You were on level 7 of the Dungeon.
You worshipped Lugonu.
Lugonu was greatly pleased with you.
You were near starving.
You were a tree.
You visited 1 branch of the dungeon, and saw 7 of its levels.
You visited the Abyss 1 time.
You also visited: Sewer.

You collected 408 gold pieces.
You spent 190 gold pieces at shops.

Inventory:

Hand Weapons
 h - a +3 spear
 z - the cursed +1 whip "Zarom" (weapon) {drain, rN+}
   (You found it on level 4 of the Dungeon)

   A truly terrible weapon, it drains the life of those it strikes.
   It protects you from negative energy.
   It has a curse placed upon it.
 E - a +0 war axe
Missiles
 k - 11 tomahawks (quivered)
 l - 6 javelins
Armour
 d - a +0 pair of boots (melded)
 i - a +0 large shield (worn)
 t - a +1 pair of gloves of archery (melded)
 x - a +1 cloak of magic resistance (melded)
 B - a +0 plate armour (melded)
Jewellery
 f - an amulet of regeneration (around neck)
 n - a ring of positive energy (right branch)
 F - a +4 ring of evasion (left branch)
 J - an uncursed ring of see invisible
 N - a cursed -4 ring of dexterity {unknown}
Wands
 a - a wand of enslavement (8/24)
 y - a wand of digging (20/24)
 C - a wand of flame (17/48)
 D - a wand of slowing (35/48)
Scrolls
 b - a scroll of amnesia
 m - 4 scrolls of identify
 G - 4 scrolls of teleportation
 P - a scroll of fog
Potions
 e - a potion of curing
 g - a potion of mutation {unknown}
 o - 2 potions of lignification
 q - a potion of ambrosia {unknown}
 s - a potion of cure mutation {unknown}
 u - 2 potions of berserk rage
 v - a potion of haste
 w - a potion of degeneration {unknown}
 A - a potion of heal wounds {unknown}
 H - a potion of resistance {unknown}
 I - 2 potions of flight {unknown}
 K - a potion of magic {unknown}
 L - a potion of might {unknown}
 M - a potion of agility {unknown}
 O - a potion of cancellation {unknown}
Comestibles
 c - 9 bread rations
 j - 4 meat rations
 p - 4 slices of pizza
 r - 5 fruits


   Skills:
 + Level 5.6 Fighting
 + Level 3.0(3.6) Axes
 + Level 3.1(3.7) Maces & Flails
 * Level 7.2 Armour
 + Level 3.4 Dodging
 + Level 0.4 Stealth
 + Level 4.8 Shields
 + Level 2.6 Invocations


You had 8 spell levels left.
You didn't know any spells.

Dungeon Overview and Level Annotations

Branches:
Dungeon (7/15)             Temple (0/1) D:5

Altars:
Ashenzari
Cheibriados
Dithmenos
Fedhas
Makhleb
Okawaru
Pakellas
Sif Muna
Trog
Zin

Shops:
D:4 *

Annotations:
D:7 exclusion: oklob plant


Innate Abilities, Weirdness & Mutations

((You have a pair of large horns on your head.))
You have a somewhat thin skeletal structure (Dex +2, Stealth).
You may emit foul miasma when damaged in melee.
You are immune to rotting.


Message History

* * * LOW HITPOINT WARNING * * *
You hit the oklob plant.
The oklob plant is moderately damaged.
You hit the oklob plant but do no damage.
The oklob plant is moderately damaged.
Unknown command.
You hit the oklob plant but do no damage.
The oklob plant is moderately damaged.
Unknown command.
You whack the oklob plant!
The oklob plant is heavily damaged.
You are no longer berserk.
You are exhausted.
You feel yourself slow down.
You are near starving!
The oklob plant spits acid at you. The splash of acid hits you!
* * * LOW HITPOINT WARNING * * *
The acid burns!
You die... .................##..####.# ##.#.....#..............#.# ##.#..........#####..##.#.# ##.#######....# #..##.#.# ...# ##.#.################### .### #.###.PPPPPP♣PP♣PP#.P#. ...# #.# #P♣P%.PPPPP♣P.P.PPP

.#.# ##'###.P%.♣PP♣.PP♣P♣PPPP
.#.# ##...##.♣%#PP.♣P#.PP♣PPPP
.#.# ##.....##.%PP♣#.......P.PP
...# ##......#..%P♣♣..≈≈≈≈≈...P♣
...####.......#PPP.P..≈≈≈≈≈≈≈..♣P
......'.......#PPPP..≈≈≈≈≈≈≈≈≈..P
...####.......#P♣PP.≈≈≈≈≈≈≈≈≈≈≈.P
...# ##......#PP#P.≈≈≈≈...≈≈≈≈.#
.### ##.....#.P.P......_.≈≈≈≈..
.# ##...##♣♣PP.≈≈≈≈...≈≈≈≈.#


You could see an oklob plant.

Vanquished Creatures
  2 humans (D:7)
  A spriggan (D:7)
  2 orc warriors (D:7)
  A sky beast (D:7)
  An ice beast (D:5)
  2 centaurs
  2 big kobolds (Sewer)
  A giant frog (D:7)
  3 scorpions
  4 wights (D:6)
  A crimson imp (D:5)
  4 hounds
  A centaur skeleton (D:4)
  3 orc priests
  An iguana (D:5)
  3 orc wizards
  2 worker ants
  14 adders
  2 river rats (Sewer)
  2 shadow imps
  5 oozes (Sewer)
  2 adder zombies
  2 adder skeletons
  6 worms
  A dart slug (D:2)
  5 giant geckos
  22 orcs
  5 ball pythons
  7 giant cockroaches
  9 goblins
  9 hobgoblins
  3 jackals (D:4)
  11 kobolds
  4 quokkas
  8 bats
  4 giant newts
  2 quokka skeletons
  A quokka zombie (D:4)
  8 rats
  A plant (D:7)
167 creatures vanquished.

Notes
Turn   | Place    | Note
--------------------------------------------------------------
     0 | Abyss:1  | Gargoyl the Demonspawn Abyssal Knight began the quest for the Orb.
     0 | Abyss:1  | Reached XP level 1. HP: 18/18 MP: 2/2
    46 | Abyss:2  | Noticed a raiju
    48 | D:1      | Escaped the Abyss
   176 | D:1      | Reached * piety under Lugonu
   192 | D:1      | Gained mutation: You are immune to rotting. [demonic ancestry]
   192 | D:1      | Reached XP level 2. HP: 24/24 MP: 3/3
   360 | D:1      | Reached skill level 1 in Dodging
   726 | D:2      | Reached skill level 2 in Armour
   726 | D:2      | Reached XP level 3. HP: 10/30 MP: 4/4
  1138 | D:2      | Reached XP level 4. HP: 35/37 MP: 5/5
  1429 | D:2      | Found an oddly glowing altar of Pakellas.
  1778 | D:2      | Reached ** piety under Lugonu
  1999 | D:3      | Found a faded altar to an unknown god.
  2113 | D:3      | Found a glowing silver altar of Zin.
  2177 | D:3      | Found a burning altar of Makhleb.
  2177 | D:3      | Noticed a green death
  2325 | D:3      | Found a shadowy altar of Dithmenos.
  2569 | D:3      | Gained mutation: You have a pair of small horns on your head. [demonic ancestry]
  2569 | D:3      | Reached XP level 5. HP: 42/42 MP: 6/6
  2627 | D:3      | Reached skill level 3 in Armour
  3150 | D:4      | Found Coicysur's Assorted Antiques.
  3158 | D:4      | Bought a moonstone ring for 100 gold pieces
  3158 | D:4      | Bought a pair of embroidered gloves for 90 gold pieces
  3216 | D:4      | Reached skill level 1 in Shields
  3228 | D:4      | Gained mutation: You have a pair of horns on your head. [demonic ancestry]
  3228 | D:4      | Reached XP level 6. HP: 48/48 MP: 7/7
  3308 | D:4      | Got a bloodstained whip
  3309 | D:4      | Identified the cursed +1 whip "Zarom" {drain, rN+} (You found it on level 4 of the Dungeon)
  3386 | D:4      | Reached skill level 4 in Armour
  3566 | D:4      | Found a bloodstained altar of Trog.
  3725 | D:5      | Entered Level 5 of the Dungeon
  3725 | D:5      | Found a staircase to the Ecumenical Temple.
  3725 | D:5      | Noticed an ice beast
  3750 | D:5      | Killed an ice beast
  3805 | D:5      | Reached *** piety under Lugonu
  3872 | D:5      | Gained mutation: You have a somewhat thin skeletal structure (Dex +2, Stealth). [demonic ancestry]
  3872 | D:5      | Reached XP level 7. HP: 55/55 MP: 8/8
  4017 | D:5      | Found a deep blue altar of Sif Muna.
  4468 | D:5      | Found a glowing drain.
  4473 | Sewer    | Entered a sewer
  4586 | Sewer    | Reached skill level 5 in Armour
  4590 | Sewer    | Reached skill level 1 in Maces & Flails
  5277 | D:6      | Reached **** piety under Lugonu
  5377 | D:6      | Gained mutation: You have a pair of large horns on your head. [demonic ancestry]
  5377 | D:6      | Reached XP level 8. HP: 61/61 MP: 9/9
  5537 | D:6      | Reached skill level 6 in Armour
  6053 | D:7      | Reached skill level 5 in Fighting
  6273 | D:7      | Found an iron altar of Okawaru.
  6529 | D:7      | Gained mutation: You may emit foul miasma when damaged in melee. [demonic ancestry]
  6529 | D:7      | Reached XP level 9. HP: 68/68 MP: 10/10
  6657 | D:7      | Reached skill level 7 in Armour
  6670 | D:7      | Found a shattered altar of Ashenzari.
  6670 | D:7      | Found a snail-covered altar of Cheibriados.
  6675 | D:7      | Found a bloodstained altar of Trog.
  6675 | D:7      | Found an iron altar of Okawaru.
  6890 | D:7      | Found a blossoming altar of Fedhas.
  6906 | D:7      | Noticed an oklob plant
  6963 | D:7      | Splashed by an oklob plant's acid

Skill      XL: |  1  2  3  4  5  6  7  8  9 |
---------------+----------------------------+-----
Dodging        | 1 2 3 |  3.4
Armour         | 2 3 4 5 6 7 |  7.2
Axes           | 2 3 |  3.0
Fighting       | 4 5 |  5.6
Shields        | 1 2 4 |  4.8
Maces & Flails | 1 3 |  3.1
Stealth        | |  0.4
Invocations    | |  2.6

Action                   |  1- 3 |  4- 6 |  7- 9 || total
-------------------------+-------+-------+-------++-------
Melee: Hand axe          |    98 |   171 |       ||   269
       Headbutt          |       |    27 |    96 ||   123
       Whip              |       |    84 |   495 ||   579
Invok: Depart the Abyss  |     1 |       |       ||     1
  Use: Scroll            |       |     9 |     7 ||    16
       Potion            |       |       |     4 ||     4
  Eat: Chunk             |     1 |     5 |    10 ||    16
       Bread ration      |       |     1 |       ||     1
Armor: Leather armour    |    44 |       |       ||    44
       Ring mail         |     1 |    39 |       ||    40
       Scale mail        |       |    44 |       ||    44
       Plate armour      |       |    82 |   210 ||   292
Dodge: Dodged            |    72 |   109 |    54 ||   235
Block: Buckler           |       |    71 |    37 ||   108
       Large shield      |       |       |   153 ||   153
